 Dungeon Crawl Stone Soup version 0.26-a0-665-gefeb406119 (webtiles) character file.

Game seed: 6700396692633609716

106 Rennog the Skirmisher (level 5, 0/42 HPs)
             Began as a Formicid Abyssal Knight on Oct 16, 2020.
             Was a Believer of Lugonu.
             Slain by Purgy (3 damage)
             ... on level 3 of the Dungeon.
             The game lasted 00:14:19 (3562 turns).

Rennog the Skirmisher (Formicid Abyssal Knight)     Turns: 3562, Time: 00:14:19

Health: 0/42       AC:  9    Str: 16    XL:     5   Next: 10%
Magic:  6/6        EV:  7    Int: 12    God:    Lugonu [**....]
Gold:   171        SH:  0    Dex: 11    Spells: 4/4 levels left

rFire    . . .     SeeInvis +   a - +1 hand axe
rCold    . . .     Faith    .   (no shield)
rNeg     . . .     Spirit   .   j - +0 chain mail
rPois    .         Reflect  .   (helmet unavailable)
rElec    .         Harm     .   (no cloak)
rCorr    .         Rampage  .   (no gloves)
MR       .....                  (no boots)
Stlth    ..........             (no amulet)
HPRegen  0.14/turn              (no ring)
MPRegen  0.10/turn              (no ring)

@: flying
A: permanent stasis, dig shafts and tunnels, four strong arms, antennae 3
a: Dig, Shaft Self, Depart the Abyss, Bend Space, Renounce Religion


You were on level 3 of the Dungeon.
You worshipped Lugonu.
Lugonu was pleased with you.
You visited 1 branch of the dungeon, and saw 3 of its levels.
You visited the Abyss 1 time.
You also visited: Sewer.

You collected 171 gold pieces.

Inventory:

Hand Weapons
 a - a +1 hand axe (weapon)
Missiles
 d - 18 boomerangs (quivered)
Armour
 b - a +0 leather armour
 f - a +0 tower shield
 j - a +0 chain mail (worn)
 m - a +0 plate armour
 o - a +0 pair of gloves
Jewellery
 l - an uncursed amulet of regeneration {unknown}
Scrolls
 c - 3 scrolls of blinking {unknown}
 e - 2 scrolls of identify {unknown}
 h - a scroll of teleportation {unknown}
 n - a scroll of magic mapping {unknown}
 p - 3 scrolls of fear {unknown}
Potions
 g - a potion of lignification {unknown}
 i - a potion of magic
 k - 3 potions of flight


   Skills:
 + Level 4.1 Fighting
 + Level 3.4 Axes
 + Level 3.1 Armour
 + Level 1.3 Dodging
 + Level 0.6 Stealth
 + Level 2.2 Invocations


You had 4 spell levels left.
You didn't know any spells.
Your spell library was empty.

Dungeon Overview and Level Annotations

Branches:
Dungeon (3/15)              Sewer (visited)

Altars:
Sif Muna

Annotations:
D:3 Purgy


Innate Abilities, Weirdness & Mutations

You cannot be hasted, slowed, berserked, paralysed or teleported.
You can dig through walls and to a lower floor.
Your four strong arms can wield two-handed weapons with a shield.
You have a pair of large antennae on your head. (SInv)


Message History

Purgy barely misses you. Purgy claws you. Purgy claws you but does no damage.
Purgy hisses menacingly.
Purgy bites you.
* * * LOW HITPOINT WARNING * * *
Purgy claws you.
* * * LOW HITPOINT WARNING * * *
Purgy claws you but does no damage. Purgy bites you but does no damage.
Purgy claws you but does no damage. Purgy barely misses you.
Welcome back to the Dungeon!
There is a collapsed entrance here.
It was a potion of flight.
You feel very buoyant.
You fly up into the air.
Purgy bites you.
* * * LOW HITPOINT WARNING * * *
Purgy claws you.
* * * LOW HITPOINT WARNING * * *
Purgy claws you but does no damage.
It was a potion of magic.
Magic courses through your body. Purgy bites you.
You die...

#. #### #. ....
###.#####..#
#..........#
#..........##..#
#...≈≈≈....##..#
#..≈≈≈≈≈..# #..#
##..≈≈@≈≈..# #..#
#....≈T≈≈≈..# #..#
#.#...≈≈≈...###..##
#...............####.
#..........÷..#......
#...#.#######...#
#..........†...#####
#...########.......#
##.# #.#.###.#


You could see Purgy.

Vanquished Creatures
  3 adders
  A river rat (D:3)
  An ooze (D:1)
  A worm (D:3)
  2 leopard geckos
  3 orcs (D:3)
  5 ball pythons
  9 bats
  3 giant cockroaches
  4 goblins
  8 hobgoblins
  A jackal (D:2)
  8 frilled lizards
  4 kobolds
  7 rats
60 creatures vanquished.

Notes
Turn   | Place    | Note
-------+----------+-------------------------------------------
     0 | Abyss:1  | Rennog the Formicid Abyssal Knight began the quest for the
                  | Orb.
     0 | Abyss:1  | Reached XP level 1. HP: 18/18 MP: 2/2
    31 | Abyss:1  | Noticed a large abomination
    32 | D:1      | Escaped the Abyss
   341 | D:1      | Reached XP level 2. HP: 24/25 MP: 3/3
   469 | D:1      | Reached * piety under Lugonu
   997 | D:1      | Reached XP level 3. HP: 29/30 MP: 4/4
  1143 | D:1      | Reached skill level 1 in Dodging
  1546 | D:2      | HP: 1/30 [frilled lizard (2)]
  1553 | D:2      | HP: 1/30 [bat (1)]
  1995 | D:1      | Reached skill level 4 in Fighting
  2013 | D:1      | Reached XP level 4. HP: 22/37 MP: 5/5
  2400 | D:2      | Found a shimmering blue altar of Sif Muna.
  3221 | D:3      | Found a glowing drain.
  3261 | D:3      | Reached XP level 5. HP: 26/42 MP: 6/6
  3269 | D:3      | Reached ** piety under Lugonu
  3355 | Sewer    | Entered a sewer
  3529 | Sewer    | Noticed Purgy
  3561 | D:3      | HP: 2/42 [Purgy (2)]
  3562 | D:3      | Slain by Purgy

Illustrated notes

Levels and vault maps discovered:
D:1:      lightli_arrival_quake, layout_basic, minmay_tromino_v4_a
D:2:      minmay_spotlight, layout_basic, lemuel_altar_in_water
D:3:      layout_loops_ring, portal_sewer_entry_a,
          chequers_ecumenical_altar_simple, uniq_robin

Skill      XL: |  1  2  3  4 |
---------------+-------------+-----
Dodging        | 1 |  1.3
Fighting       | 4 |  4.1
Axes           | 3 |  3.4
Armour         | 3 |  3.1
Stealth        | |  0.6
Invocations    | |  2.2

Action                   |  1- 3 |  4- 6 || total
-------------------------+-------+-------++-------
Melee: Hand axe          |    92 |   114 ||   206
Throw: Boomerang         |     1 |       ||     1
Invok: Depart the Abyss  |     1 |       ||     1
  Use: Potion            |     1 |     2 ||     3
Armor: Leather armour    |    32 |     2 ||    34
       Chain mail        |       |    88 ||    88
Dodge: Dodged            |    94 |    58 ||   152

Table legend: (Time is in decaauts)
 A = Elapsed time spent in this place.
 B = Non-inter-level travel time spent in this place.
 C = Inter-level travel time spent in this place.
 D = Time resting spent in this place.
 E = Time spent auto-exploring this place.
 F = Levels seen in this place.
 G = Mean time per level.
                   A        B        C        D        E       F      G
               +--------+--------+--------+--------+--------+-----+--------+
         Total |   3623 |   3496 |    127 |   1328 |   1540 |   5 |  724.6 |
       Dungeon |   3361 |   3234 |    127 |   1245 |   1446 |   3 | 1120.3 |
         Abyss |     32 |     32 |      0 |      0 |     30 |   1 |   32.0 |
         Sewer |    229 |    229 |      0 |     83 |     64 |   1 |  229.0 |
               +--------+--------+--------+--------+--------+-----+--------+

Top non-repeatable levels by time:
     D:1: 2131 daAuts
     D:2: 1004 daAuts
   Sewer: 229 daAuts
     D:3: 225 daAuts
 Abyss:1: 32 daAuts
